Map: Magannatha LE

Players

ManlyManMeat - Winner!

  • Race: Zerg Zerg
  • League: Diamond
  • Spawn Location: 5:00

Escape

  • Race: Zerg Zerg
  • League: Diamond
  • Spawn Location: 11:00

VOD

Have the link to the VOD?

Description

Time

  • Played on: July 7, 2025, 5:38 p.m.
  • Length: 16:00
Show
View Real Time Build Order
Export as new Build Order

ManlyManMeat Zerg - Winner!

Build Orders: Hatch First 

Get SALT Encoding   

  12  0:00  Drone  
  13  0:08  Drone  
  14  0:15  Drone, Extractor  
  15  0:22  Overlord  
  15  0:41  Drone  
  16  0:47  Hatchery  
  15  0:50  Drone  
  15  0:54  Drone  
  17  0:57  Drone  
  18  1:09  Extractor  
  17  1:14  Spawning Pool  
  17  1:17  Drone  
  17  1:20  Drone  
  18  1:26  Drone  
  19  1:38  Drone  
  20  2:01  Queen x2  
  22  2:02  Zergling x4  
  26  2:08  Overlord  
  26  2:14  Drone x2  
  28  2:28  Drone x2  
  30  2:31  Metabolic Boost  
  30  2:39  Baneling Nest  
  29  2:45  Drone  
  29  2:46  Drone x2  
  29  2:47  Overlord  
  32  2:53  Drone x2  
  34  3:08  Zergling x4  
  34  3:12  Zergling x8  
  40  3:20  Zergling x8  
  40  3:24  Baneling  
  40  3:25  Baneling  
  43  3:35  Zergling x2  
  43  3:36  Overlord  
  43  3:38  Hatchery  
  43  3:44  Zergling x2  
  43  3:56  Zergling x12  
  43  3:57  Zergling x4  
  43  3:59  Baneling x3  
  46  4:24  Zergling x8  
  48  4:36  Drone, Roach Warren  
  48  4:37  Drone x2  
  48  4:38  Drone x2, Hatchery  
  50  4:39  Extractor  
  47  5:10  Drone x4  
  47  5:11  Overlord  
  47  5:12  Drone  
  47  5:14  Overlord  
  52  5:23  Lair  
  52  5:25  Evolution Chamber  
  48  5:46  Roach x5  
  48  5:47  Roach x4  
  62  5:52  Zergling x4, Roach  
  62  5:53  Roach x2  
  69  6:15  Roach x2  
  69  6:16  Overlord  
  67  6:33  Glial Reconstitution  
  67  6:36  Hatchery  
  67  6:37  Extractor  
  67  6:38  Extractor  
  62  6:41  Roach  
  64  6:48  Drone x3  
  64  6:51  Drone x3  
  64  6:52  Drone x3  
  73  6:56  Roach x2  
  73  6:59  Zergling x6  
  80  7:03  Zergling x4  
  68  7:20  Roach x6  
  68  7:22  Zergling x4  
  82  7:39  Overlord  
  82  7:40  Overlord x3  
  82  7:53  Zerg Missile Weapons Level 1  
  82  7:57  Spire  
  82  8:05  Ravager x2  
  83  8:06  Ravager  
  83  8:07  Roach x2  
  83  8:08  Zergling x6  
  92  8:13  Drone x3, Extractor  
  92  8:14  Drone, Extractor  
  92  8:15  Drone x5  
  99  8:24  Ravager  
  100  8:40  Overlord x2  
  100  8:41  Roach x6  
  112  8:53  Overlord x4  
  112  8:58  Overlord x2  
  105  9:18  Evolution Chamber  
  105  9:21  Roach x5  
  114  9:31  Overseer  
  111  9:34  Roach x3  
  117  9:44  Roach x4  
  125  9:48  Zerg Ground Armor Level 1  
  125  9:53  Roach x3  
  125  9:55  Drone x2  
  130  10:17  Roach x2  
  130  10:18  Roach x6  
  130  10:20  Zerg Missile Weapons Level 2  
  146  10:24  Drone x2  
  148  10:33  Ravager  
  148  10:34  Ravager  
  150  10:37  Ravager x2  
  150  10:39  Ravager x2  
  150  10:40  Ravager  
  155  10:43  Pneumatized Carapace  
  155  10:45  Zergling x4  
  155  10:49  Roach  
  147  11:22  Overlord, Spire  
  146  11:32  Roach x11  
  164  11:53  Roach x8  
  168  11:58  Overlord x4  
  168  12:03  Zerg Ground Armor Level 2  
  168  12:11  Overlord x3  
  150  12:33  Roach x10  
  166  12:40  Roach x4  
  174  12:46  Roach x2  
  178  12:58  Infestation Pit  
  143  13:06  Roach  
  143  13:07  Roach x4  
  135  13:18  Ravager x4  
  135  13:19  Ravager x5  
  144  13:21  Roach x7  
  158  13:46  Roach x8  
  166  14:05  Roach x7  
  166  14:06  Roach x2  
  157  14:19  Roach  
  157  14:20  Roach x5  
  139  14:34  Mutalisk x5  
  149  14:41  Ravager x2  
  149  14:42  Ravager x2  
  149  14:43  Ravager  
  154  14:53  Overseer  
  150  15:12  Mutalisk x2  
  150  15:13  Mutalisk x2  
  121  15:40  Zergling x8  
  121  15:41  Zergling x2  
Show
View Real Time Build Order
Export as new Build Order

Escape Zerg 

Build Orders: Hatch First, Lurkers 

Get SALT Encoding   

  12  0:00  Drone  
  13  0:12  Overlord  
  13  0:16  Drone  
  14  0:30  Drone x2  
  14  0:34  Drone  
  17  0:50  Hatchery  
  17  0:53  Drone  
  17  0:56  Drone  
  18  1:00  Extractor  
  17  1:12  Spawning Pool  
  17  1:15  Drone  
  17  1:19  Drone  
  18  1:28  Drone  
  19  1:38  Drone  
  20  1:49  Overlord  
  20  1:59  Queen  
  22  2:01  Metabolic Boost  
  22  2:05  Queen  
  24  2:10  Zergling x2  
  24  2:12  Zergling x2  
  24  2:15  Zergling x2  
  27  2:18  Zergling x2  
  28  2:34  Drone x3, Baneling Nest  
  30  2:37  Drone  
  30  2:43  Drone  
  32  3:10  Drone x2, Overlord  
  34  3:19  Hatchery  
  34  3:20  Zergling x6  
  34  3:24  Baneling  
  34  3:25  Baneling x2  
  36  3:35  Zergling x2  
  36  3:36  Zergling x4  
  36  3:37  Drone x3  
  41  3:50  Drone  
  41  3:51  Drone  
  43  3:56  Roach Warren  
  43  3:58  Evolution Chamber  
  43  3:59  Drone x2  
  42  4:13  Baneling x2  
  42  4:15  Zergling x4  
  39  4:25  Zergling x8  
  39  4:26  Zergling x6  
  44  4:32  Extractor  
  44  4:34  Zerg Missile Weapons Level 1  
  43  4:38  Baneling x2  
  43  4:50  Drone x7  
  50  4:54  Queen  
  48  5:04  Baneling x2  
  48  5:05  Baneling x2  
  48  5:06  Zergling x4  
  50  5:08  Overlord x3  
  50  5:15  Overlord  
  48  5:35  Zergling x2, Roach x3  
  53  5:36  Roach x2  
  53  5:37  Zergling x2  
  53  5:38  Zergling x4  
  59  5:47  Zergling x6  
  59  5:48  Zergling x4  
  61  5:53  Baneling  
  58  5:58  Zergling x10  
  58  6:03  Extractor  
  62  6:04  Extractor  
  62  6:05  Lair  
  62  6:06  Drone x5  
  66  6:15  Zergling x6  
  66  6:18  Baneling x2  
  69  6:27  Roach x5  
  71  6:37  Roach x3  
  66  6:43  Queen  
  66  6:45  Roach  
  64  6:51  Spine Crawler  
  64  6:52  Zergling x2  
  62  7:15  Roach x7  
  68  7:16  Roach  
  68  7:19  Ravager  
  68  7:20  Ravager  
  68  7:21  Roach  
  72  7:24  Zergling x4  
  72  7:28  Baneling x2  
  74  7:31  Glial Reconstitution  
  74  7:34  Roach  
  76  7:44  Ravager  
  76  7:45  Overlord  
  76  7:46  Overlord x2  
  76  7:47  Zergling x2  
  78  7:55  Ravager x2  
  80  8:05  Roach x5  
  90  8:14  Drone x5  
  90  8:19  Hydralisk Den  
  94  8:38  Spine Crawler, Roach x2  
  94  8:39  Roach x3  
  103  9:09  Hydralisk  
  93  9:10  Hydralisk  
  93  9:16  Grooved Spines  
  93  9:17  Lurker Den  
  96  9:19  Drone x2  
  96  9:21  Overlord x3  
  98  9:39  Hydralisk  
  98  9:40  Hydralisk x5  
  110  9:52  Pneumatized Carapace  
  110  9:55  Roach x3  
  110  9:56  Roach x3  
  122  10:02  Overseer  
  121  10:16  Overlord x3  
  121  10:21  Extractor  
  121  10:23  Extractor  
  121  10:24  Overlord  
  121  10:26  Muscular Augments  
  121  10:28  Lurker x2  
  121  10:37  Overlord x3  
  121  10:38  Zergling x2  
  121  10:39  Zergling x14  
  121  10:41  Drone  
  130  10:43  Lurker  
  131  10:54  Zerg Ground Armor Level 1  
  131  11:15  Roach x2  
  131  11:16  Roach x6  
  138  11:23  Overseer x2  
  138  11:29  Drone x2, Infestation Pit  
  138  11:30  Drone, Evolution Chamber  
  134  11:52  Roach x4  
  134  11:53  Roach x3  
  144  11:59  Drone x2  
  144  12:00  Drone x2  
  149  12:01  Drone  
  149  12:18  Roach x2  
  149  12:19  Roach x4  
  155  12:28  Overlord x3  
  141  12:47  Roach x4  
  141  12:48  Roach x4  
  141  12:50  Lurker x2  
  145  13:07  Roach x2  
  145  13:08  Roach x4  
  149  13:16  Hive  
  149  13:17  Hydralisk  
  151  13:23  Ravager  
  151  13:24  Ravager x6  
  151  13:25  Ravager  
  159  13:31  Overlord  
  159  13:35  Drone x3  
  162  13:49  Hydralisk x4  
  142  14:03  Hydralisk x3  
  148  14:15  Roach x5  
  96  14:26  Roach x3  
  96  14:27  Roach  
  92  14:37  Lurker x3  
  92  14:38  Lurker x2  
  97  14:43  Seismic Spines  
  97  14:50  Queen  
  99  14:58  Drone x3  
  102  15:04  Roach  
  99  15:09  Overseer  
  99  15:12  Roach x2  
  103  15:24  Hydralisk x4  
  100  15:31  Ravager  
  93  15:37  Roach x4  
  100  15:46  Spore Crawler  
  100  15:49  Spore Crawler  
Tags
 
Composition
Lurkers
Matchup
ZvZ
Race
Zerg
Replay Pack
Myownreplay2
Spawn Locations
Cross Positions
Add a new tag
Caveats
  • Supply blocks, unpowered buildings, or Contaminate may cause inaccurate times.
  • Supply counts are checked every 10 seconds.